 Dungeon Crawl Stone Soup version 0.26-a0-663-g36e8fdb655 (webtiles) character file.

Game seed: 17643444866395355855

123 halkony2012 the Covered (level 4, 0/41 HPs)
             Began as a Minotaur Fighter on Oct 11, 2020.
             Slain by Grinder (3 damage)
             ... while paralysed by Grinder
             ... on level 3 of the Dungeon.
             The game lasted 00:02:48 (1463 turns).

halkony2012 the Covered (Minotaur Fighter)          Turns: 1463, Time: 00:02:48

Health: 0/41       AC:  9    Str: 21    XL:     4   Next: 80%
Magic:  3/3        EV:  2    Int:  5    God:
Gold:   128        SH:  0    Dex: 10    Spells: 3/3 levels left

rFire    . . .     SeeInvis .   h - +0 hand axe (freeze)
rCold    . . .     Faith    .   c - +1 kite shield
rNeg     + . .     Spirit   .   b - +0 scale mail
rPois    .         Reflect  .   (helmet restricted)
rElec    .         Harm     .   r - +0 cloak
rCorr    .         Rampage  .   (no gloves)
MR       .....                  q - +0 pair of boots
Stlth    ..........             (no amulet)
HPRegen  0.13/turn              l - +4 ring of evasion
MPRegen  0.08/turn              m - ring of positive energy

@: paralysed
A: retaliatory headbutt, horns 2
a: no special abilities


You were on level 3 of the Dungeon.
You visited 1 branch of the dungeon, and saw 3 of its levels.

You collected 128 gold pieces.

Inventory:

Hand Weapons
 a - a +0 war axe
 h - a +0 hand axe of freezing (weapon)
Armour
 b - a +0 scale mail (worn)
 c - a +1 kite shield (worn)
 q - a +0 pair of boots (worn)
 r - a +0 cloak (worn)
Jewellery
 l - a +4 ring of evasion (left hand)
 m - a ring of positive energy (right hand)
Scrolls
 e - a scroll of noise {unknown}
 f - 5 scrolls of identify {unknown}
 i - a scroll of immolation {unknown}
 j - a scroll of magic mapping {unknown}
 k - 3 scrolls of remove curse {unknown}
Potions
 d - a potion of might
 o - a potion of mutation {unknown}
 p - a potion of lignification {unknown}
 s - a potion of haste


   Skills:
 + Level 4.4 Fighting
 * Level 4.1 Axes
 - Level 4.4 Armour
 - Level 0.5 Dodging
 - Level 4.3 Shields


You had 3 spell levels left.
You didn't know any spells.
Your spell library was empty.

Dungeon Overview and Level Annotations

Branches:
Dungeon (3/15)

Altars:

Annotations:
D:3 Grinder


Innate Abilities, Weirdness & Mutations

You reflexively headbutt those who attack you in melee.
You have a pair of horns on your head.


Message History

Grinder is almost dead.
Grinder hits you! Grinder gestures at you.
You barely resist. You hit Grinder.
Grinder is almost dead.
Grinder blinks!
Grinder gestures at you.
You barely resist. Grinder gestures at you. Pain shoots through your body!
Grinder gestures at you.
You suddenly lose the ability to move!
Grinder gestures at you. Pain shoots through your body!
* * * LOW HITPOINT WARNING * * *
Grinder hits you.
* * * LOW HITPOINT WARNING * * *
You writhe in agony.
You die...

... #.# #.# #.#
#.# #.# #5#
###.##### #@#
#.... ..# #.#
.##.....#.# #.#
.......##.#####.#
...............#
#.#..ยง..#######
#.......#
#.#.....#
#...5...#


You could see Grinder (fast).

Vanquished Creatures
  A worker ant (D:3)
  3 adders
  An ooze (D:1)
  3 worms (D:2)
  3 dart slugs (D:1)
  A leopard gecko (D:1)
  An orc (D:3)
  2 ball pythons
  A giant cockroach (D:2)
  3 goblins
  9 hobgoblins
  2 jackals (D:1)
  11 kobolds
  2 quokkas (D:2)
  A bat (D:1)
  A frilled lizard (D:1)
  9 rats
54 creatures vanquished.

Notes
Turn   | Place    | Note
-------+----------+-------------------------------------------
     0 | D:1      | halkony2012 the Minotaur Fighter began the quest for the
                  | Orb.
     0 | D:1      | Reached XP level 1. HP: 19/19 MP: 0/0
   158 | D:1      | Reached XP level 2. HP: 26/27 MP: 1/1
   295 | D:1      | Reached XP level 3. HP: 30/33 MP: 2/2
   908 | D:2      | Reached XP level 4. HP: 40/40 MP: 3/3
  1423 | D:3      | Noticed Grinder
  1442 | D:3      | Paralysed by Grinder for 3 turns
  1461 | D:3      | Paralysed by Grinder for 5 turns
  1463 | D:3      | Slain by Grinder

Illustrated notes

Levels and vault maps discovered:
D:1:      minmay_arrival_three_doors, layout_rooms
D:2:      layout_loops_ring, kennysheep_generic_room_7
D:3:      layout_loops_corners, uniq_grinder

Skill      XL: |  1  2  3  4 |
---------------+-------------+-----
Fighting       | 4 |  4.4
Armour         | 4 |  4.4
Shields        | 4 |  4.3
Axes           | 3 4 |  4.1
Dodging        | |  0.5

Action                   |  1- 3 |  4- 6 || total
-------------------------+-------+-------++-------
Melee: War axe           |    40 |       ||    40
       Headbutt          |    12 |    12 ||    24
       Hand axe          |    39 |    55 ||    94
  Use: Scroll            |       |     1 ||     1
       Potion            |       |     1 ||     1
Armor: Scale mail        |    30 |    15 ||    45
Dodge: Dodged            |    26 |    27 ||    53
Block: Kite shield       |    27 |    18 ||    45

Table legend: (Time is in decaauts)
 A = Elapsed time spent in this place.
 B = Non-inter-level travel time spent in this place.
 C = Inter-level travel time spent in this place.
 D = Time resting spent in this place.
 E = Time spent auto-exploring this place.
 F = Levels seen in this place.
 G = Mean time per level.
                   A        B        C        D        E       F      G
               +--------+--------+--------+--------+--------+-----+--------+
         Total |   1497 |   1473 |     24 |    117 |   1003 |   3 |  499.0 |
       Dungeon |   1497 |   1473 |     24 |    117 |   1003 |   3 |  499.0 |
               +--------+--------+--------+--------+--------+-----+--------+

Top non-repeatable levels by time:
     D:2: 775 daAuts
     D:1: 602 daAuts
     D:3: 118 daAuts
